 Dungeon Crawl Stone Soup version 0.28.0 (webtiles) character file.

Game seed: 8354891594040549514

56 HallandMoats the Skirmisher (level 3, -7/33 HPs)
             Began as a Ghoul Monk on Feb 7, 2022.
             Mangled by Terence (10 damage)
             ... on level 2 of the Dungeon.
             The game lasted 00:01:39 (1995 turns).

HallandMoats the Skirmisher (Ghoul Monk)            Turns: 1995, Time: 00:01:40

Health: -7/33      AC:  5    Str: 16    XL:     3   Next: 97%
Magic:  2/2        EV: 15    Int:  5    God:
Gold:   99         SH:  0    Dex: 11    Spells: 2/2 levels left

rFire   . . .      SeeInvis .     - Unarmed
rCold   + . .      Faith    .   (no shield)
rNeg    + + +      Spirit   .   e - +0 ring mail {rPois}
rPois   ∞          Reflect  .   (no helmet)
rElec   .          Harm     .   (no cloak)
rCorr   .          Rampage  .   (no gloves)
Will    .....                   (no boots)
Stlth   +.........              (no amulet)
HPRegen 0.00/turn               d - +4 ring of evasion
MPRegen 0.08/turn               (no ring)

@: inhibited regen
A: claws 1, cold resistance 1, negative energy resistance 3, inhibited
regeneration, torment resistance 2
a: no special abilities


You were on level 2 of the Dungeon.
You visited 1 branch of the dungeon, and saw 2 of its levels.

You collected 99 gold pieces.

Inventory:

Armour
 e - a +0 ring mail of poison resistance (worn)
Jewellery
 d - a +4 ring of evasion (left claw)
Scrolls
 a - 2 scrolls of identify {unknown}
 b - a scroll of brand weapon {unknown}
 g - a scroll of vulnerability {unknown}
 i - a scroll of teleportation {unknown}
 k - a scroll of blinking {unknown}
Potions
 c - 2 potions of curing {unknown}
 f - a potion of cancellation {unknown}
 h - a potion of flight {unknown}
 j - a potion of magic {unknown}
 l - a potion of brilliance {unknown}
 m - a potion of lignification {unknown}


   Skills:
 + Level 3.9 Fighting
 + Level 1.2 Armour
 + Level 3.1 Dodging
 - Level 2.1 Stealth
 + Level 3.8 Unarmed Combat


You had 2 spell levels left.
You didn't know any spells.
Your spell library contained the following spells:

 Spells                   Type           Power      Damage    Failure   Level
 Magic Dart               Conj           0%         1d3       71%         1
 Corpse Rot               Necr/Air       0%         N/A       83%         2
 Searing Ray              Conj           0%         2d4       83%         2
 Dispel Undead            Necr           0%         3d6       100%        4
 Fulminant Prism          Conj/Hex       0%         3d6       100%        4
 Death Channel            Necr           0%         N/A       100%        6


Dungeon Overview and Level Annotations

Branches:
Dungeon (2/15)

Altars:

Annotations:
D:2 Terence


Innate Abilities, Weirdness & Mutations

You thrive by killing the living.
You are immune to poison.
You have sharp fingernails.
Your flesh is cold resistant. (rC+)
You are immune to negative energy. (rN+++)
You do not regenerate when monsters are visible.
You are immune to unholy pain and torment.


Message History

Terence is heavily wounded.
Terence closely misses you.
You scratch Terence.
Terence is severely wounded.
Terence hits you with a +0 falchion!
You scratch Terence but do no damage.
Terence is severely wounded.
Terence closely misses you.
You scratch Terence but do no damage.
Terence is severely wounded.
Terence hits you but does no damage.
You scratch Terence but do no damage.
Terence is severely wounded.
Terence hits you with a +0 falchion.
You are too injured to fight recklessly!
You are too injured to fight recklessly!
You barely miss Terence.
Terence is severely wounded.
Terence hits you with a +0 falchion!
* * * LOW HITPOINT WARNING * * *
You scratch Terence.
Terence is severely wounded.
You completely miss Terence.
Terence is severely wounded.
Terence closely misses you.
You completely miss Terence.
Terence is severely wounded.
Terence hits you with a +0 falchion.
* * * LOW HITPOINT WARNING * * *
You scratch Terence but do no damage.
Terence is severely wounded.
Terence barely misses you.
You scratch Terence but do no damage.
Terence is severely wounded.
Terence hits you with a +0 falchion.
* * * LOW HITPOINT WARNING * * *
You barely miss Terence.
Terence is severely wounded.
Terence hits you with a +0 falchion!
You die...

#### ...# ##.#######
.........# .......#.#
...###.#.# ##
.........# #.##
.#####.#.########@..##
.# #..........@....#
.# ###.########...##
.# #.#### #.## .#
#....# #.#
.#######.##.# #.#
............# #.#
###.####.##.# #.# #÷#
#.##.# #.# #.# #.##.#
#.#


You could see Terence.

Vanquished Creatures
  An adder (D:2)
  A worm (D:2)
  4 ball pythons
  A bat (D:2)
  4 endoplasms
  4 giant cockroaches
  5 goblins
  8 hobgoblins
  3 kobolds (D:1)
  A quokka (D:2)
  6 rats
38 creatures vanquished.

Notes
Turn   | Place    | Note
-------+----------+-------------------------------------------
     0 | D:1      | HallandMoats the Ghoul Monk began the quest for the Orb.
     0 | D:1      | Reached XP level 1. HP: 19/19 MP: 0/0
   317 | D:1      | Reached XP level 2. HP: 20/26 MP: 1/1
   750 | D:1      | Reached XP level 3. HP: 31/31 MP: 2/2
   854 | D:1      | Reached skill level 1 in Armour
  1974 | D:2      | Noticed Terence
  1995 | D:2      | Mangled by Terence

Illustrated notes

Levels and vault maps discovered:
D:1:      wander_arrival_chamber, layout_loops_corners, minmay_quantized
D:2:      layout_loops_ring, minmay_domino_2, uniq_terence

Skill      XL: |  1  2  3 |
---------------+----------+-----
Dodging        | 3 |  3.1
Armour         | 1 |  1.2
Fighting       | |  3.9
Stealth        | |  2.1
Unarmed Combat | |  3.8

Action                   || total
-------------------------++-------
Melee: Unarmed           ||   139
       Punch             ||     2
 Stab: Sleeping          ||     1
Armor: Robe              ||     5
       Ring mail         ||    20
Dodge: Dodged            ||    76
